 Dungeon Crawl Stone Soup version 0.31-a0-188-g5e087ee2ca (webtiles) character file.

Game seed: 16709745590283115544

762 qw the Skirmisher (level 7, -11/40 HPs)
             Began as a Deep Elf Hunter on June 23, 2023.
             Was an Initiate of Okawaru.
             Mangled by a shadow (17 damage)
             ... on level 6 of the Dungeon.
             The game lasted 00:01:28 (4024 turns).

qw the Skirmisher (Deep Elf Hunter)                 Turns: 4024, Time: 00:01:29

Health: -11/40     AC:  8    Str: 10    XL:     7   Next: 51%
Magic:  9/9        EV: 16    Int: 14    God:    Okawaru [......]
Gold:   239        SH:  0    Dex: 18    Spells: 6/6 levels left

rFire   . . .        Y - +0 shortbow
rCold   + . .        (shield currently unavailable)
rNeg    . . .        b - +0 ring mail
rPois   .            i - +2 helmet
rElec   .            (no cloak)
rCorr   .            (no gloves)
SInv    .            (no boots)
Will    .....        (no amulet)
Stlth   +            h - +5 ring of evasion
HPRegen 0.26/turn    g - ring of protection from cold
MPRegen 0.11/turn

%: no passive effects
@: no status effects
A: no striking features
a: Renounce Religion


You were on level 6 of the Dungeon.
You worshipped Okawaru.
Okawaru was noncommittal.
You visited 1 branch of the dungeon, and saw 6 of its levels.

You collected 239 gold pieces.


   Skills:
 - Level 2.0 Fighting
 + Level 11.6 Ranged Weapons
 - Level 1.0 Armour
 - Level 3.1 Dodging
 - Level 1.2 Stealth


You had 6 spell levels left.
You didn't know any spells.
Your spell library was empty.

Inventory:

Hand Weapons
 Y - a +0 shortbow (weapon)
Armour
 b - a +0 ring mail (worn)
 i - a +2 helmet (worn)
Jewellery
 f - a ring of protection from fire
 g - a ring of protection from cold (right hand)
 h - a +5 ring of evasion (left hand)
Scrolls
 a - a scroll of identify
Potions
 c - a potion of mutation {unknown}
 d - 3 potions of curing
 e - a potion of enlightenment {unknown}
 j - a potion of haste

Dungeon Overview and Level Annotations

Branches:
Dungeon (6/15)
 Temple: D:4-7

Altars:
Cheibriados
Gozag
Kikubaaqudgha
Okawaru
Qazlal
Sif Muna
Trog

Annotations:
D:2 1 runed translucent door, Crazy Yiuf
D:5 1 runed translucent door, qw's ghost, novice DEHu


Message History

The shadow hits you!
You shoot an arrow. The arrow hits the shadow.
The shadow is heavily damaged.
The shadow completely misses you.
You shoot an arrow. The arrow closely misses the shadow.
The shadow hits you.
You shoot an arrow.
The arrow hits the shadow but does no damage.
The shadow is heavily damaged.
The shadow hits you!
You shoot an arrow. The arrow hits the shadow.
The shadow is severely damaged.
The shadow slips into darkness.
The shadow flickers and vanishes!
Deactivating autopickup; reactivate with Ctrl-A.
You shoot an arrow.
The shadow strikes at you from the darkness!
Reactivating autopickup.
You shoot an arrow. The arrow barely misses the shadow.
The shadow completely misses you.
You shoot an arrow. The arrow hits the shadow.
The shadow is severely damaged.
The shadow hits you.
You shoot an arrow.
The arrow hits the shadow but does no damage.
The shadow is severely damaged.
The shadow barely misses you.
You shoot an arrow. The arrow closely misses the shadow.
The shadow barely misses you.
You shoot an arrow. The arrow hits the shadow.
The shadow is almost destroyed.
A centaur comes into view.
The shadow barely misses you.
The centaur moves out of view.
You shoot an arrow. The arrow barely misses the shadow.
The shadow slips into darkness.
The shadow flickers and vanishes!
Deactivating autopickup; reactivate with Ctrl-A.
You shoot an arrow.
The shadow strikes at you from the darkness!
You die...

....# ..^.# ######>....
........... ..........#
<.........# .......# .
.......# #######....
###.#..# ####..@{......
##.#.#####....#####....
#.......##.###.........
#.......##.##.........
#..........#..........
#.......####..........
#####.### #.......?..
#.#### #..........
#....###..........


There were no monsters in sight!

Vanquished Creatures
  An ice beast (D:5)
  A black bear (D:5)
  An ogre (D:4)
  2 scorpions
  A howler monkey (D:3)
  2 sleepcaps
  Jessica (D:3)
  2 iguanas (D:5)
  A mummy (D:3)
  3 gnolls (D:5)
  7 adders
  2 shadow imps (D:5)
  A white imp (D:6)
  A worm (D:3)
  2 dart slugs
  8 orcs
  3 ball pythons
  5 endoplasms
  5 giant cockroaches
  8 hobgoblins
  7 kobolds
  A quokka (D:3)
  4 bats
  3 frilled lizards
  5 goblins
  5 rats
82 creatures vanquished.

Notes
Turn   | Place    | Note
-------+----------+-------------------------------------------
     0 | D:1      | qw the Deep Elf Hunter began the quest for the Orb.
     0 | D:1      | Reached XP level 1. HP: 12/12 MP: 3/3
     0 | D:1      | 0 ||| qw: Version: 0.3-a-9-g12657ce
     0 | D:1      | 0 ||| qw: Game counter: 3854
     0 | D:1      | 0 ||| qw: Always use a shield: true
     0 | D:1      | 0 ||| qw: God list: Okawaru
     0 | D:1      | 0 ||| qw: Allow faded altars: false
     0 | D:1      | 0 ||| qw: Do Orc after D:15 true
     0 | D:1      | 0 ||| qw: Do second Lair branch before Depths: true
     0 | D:1      | 0 ||| qw: Lair rune preference: random
     0 | D:1      | 0 ||| qw: Plans: Normal
     0 | D:1      | 0 ||| PLANNING D:1-11
    62 | D:1      | Reached skill level 6 in Ranged Weapons
    62 | D:1      | Reached XP level 2. HP: 16/16 MP: 4/4
   661 | D:1      | 661 ||| UPGRADING to +0 helmet.
   666 | D:1      | 666 ||| UPGRADING to +5 ring of evasion.
   667 | D:1      | 667 ||| READING 2 scrolls labelled QACUZX HIWKI.
   668 | D:1      | 668 ||| READING 3 scrolls labelled RISUYRPH RETAT.
   669 | D:1      | 669 ||| READING 2 scrolls of enchant armour.
   669 | D:1      | 669 ||| ENCHANTING +0 helmet.
   670 | D:1      | 670 ||| READING scroll of enchant armour.
   670 | D:1      | 670 ||| ENCHANTING +1 helmet.
   671 | D:1      | 671 ||| DRINKING 2 lumpy dark potions.
   776 | D:1      | 776 ||| DRINKING 2 fuming yellow potions.
   816 | D:1      | 816 ||| DROPPING scroll of butterflies.
   817 | D:1      | 817 ||| DROPPING potion of berserk rage.
   818 | D:1      | 818 ||| DROPPING potion of lignification.
   957 | D:2      | Reached XP level 3. HP: 20/20 MP: 5/5
  1020 | D:2      | Found a runed translucent door.
  1021 | D:2      | Noticed Crazy Yiuf
  1102 | D:2      | Found a faded altar of an unknown god.
  1159 | D:2      | 1159 ||| Stepping ~*~*~tactically~*~*~ (outnumbered).
  1185 | D:2      | Reached skill level 7 in Ranged Weapons
  1528 | D:2      | 1528 ||| UPGRADING to +0 ring mail.
  1538 | D:2      | 1538 ||| DROPPING +0 leather armour.
  1539 | D:2      | 1539 ||| READING scroll labelled JEED QUMMATH.
  1540 | D:2      | 1540 ||| DRINKING 2 viscous brown potions.
  1541 | D:2      | 1541 ||| READING 2 scrolls of identify.
  1541 | D:2      | 1541 ||| IDENTIFYING fizzy cyan potion
  1542 | D:2      | 1542 ||| DROPPING potion of ambrosia.
  1636 | D:3      | Noticed Jessica
  1641 | D:3      | Killed Jessica
  1642 | D:3      | Reached XP level 4. HP: 25/25 MP: 6/6
  1840 | D:3      | Reached skill level 8 in Ranged Weapons
  1948 | D:3      | Found a snail-covered altar of Cheibriados.
  1955 | D:3      | Reached XP level 5. HP: 29/29 MP: 7/7
  2061 | D:3      | 2061 ||| DROPPING amulet of magic regeneration.
  2062 | D:3      | 2062 ||| UPGRADING to ring of protection from cold.
  2063 | D:3      | 2063 ||| READING scroll labelled ZAD JIEQOF.
  2088 | D:4      | Found an ancient bone altar of Kikubaaqudgha.
  2240 | D:4      | Found a shimmering blue altar of Sif Muna.
  2292 | D:4      | Reached skill level 9 in Ranged Weapons
  2368 | D:4      | Reached XP level 6. HP: 35/35 MP: 8/8
  2537 | D:4      | Reached skill level 10 in Ranged Weapons
  2880 | D:4      | 2880 ||| READING scroll labelled XEUK LACAOKAA.
  2881 | D:4      | 2881 ||| READING scroll labelled QUIXTE KIOWYI.
  2882 | D:4      | 2882 ||| READING scroll labelled BEQIUDGH JEHEMY.
  2886 | D:4      | 2886 ||| DRINKING 2 fuming clear potions.
  2898 | D:5      | Entered Level 5 of the Dungeon
  2913 | D:5      | Reached skill level 3 in Dodging
  3105 | D:5      | Found a runed translucent door.
  3105 | D:5      | Noticed qw's ghost (novice DEHu)
  3141 | D:5      | Reached skill level 1 in Armour
  3521 | D:5      | Reached XP level 7. HP: 31/40 MP: 9/9
  3557 | D:5      | Found an iron altar of Okawaru.
  3558 | D:5      | 3558 ||| PLANNING OKAWARU WORSHIP
  3562 | D:5      | Reached skill level 11 in Ranged Weapons
  3565 | D:5      | Became a worshipper of Warmaster Okawaru
  3566 | D:5      | 3566 ||| PLANNING D:1-11
  3571 | D:5      | Found a bloodstained altar of Trog.
  3574 | D:5      | Found a stormy altar of Qazlal.
  3577 | D:5      | Found an opulent altar of Gozag.
  3942 | D:5      | 3942 ||| DRINKING 2 blue potions.
  3943 | D:5      | 3943 ||| DROPPING potion of attraction.
  3999 | D:6      | Noticed a shadow
  4017 | D:6      | HP: 4/40 [something (10)]
  4024 | D:6      | Mangled by a shadow

Levels and vault maps discovered:
D:1:      heliophobic_arrival_ceremonial_halls, layout_basic
D:2:      layout_basic, hellmonk_ecumenical_altar_blasted, serial_park_tiny_1,
          uniq_crazy_yiuf_cottage
D:3:      layout_rooms, slow_altar_1, uniq_jessica
D:4:      layout_basic, mainiacjoe_overflow_tiny_flanked, led_sif_pool,
          kennysheep_doodads
D:5:      layout_basic, grunt_temple_overflow_cloverleaf,
          hellmonk_ghost_happy_afterlife
D:6:      layout_rooms, xom_redecorated, lemuel_crystal_altar,
          hangedman_decor_clover_reticule, kennysheep_generic_room_13

Skill      XL: |  1  2  3  4  5  6  7 |
---------------+----------------------+-----
Ranged Weapons | 6 7 8 9 10 11 | 11.6
Fighting       | 2 |  2.0
Dodging        | 3 |  3.1
Armour         | 1 |  1.0
Stealth        | |  1.2

Action                     |  1- 3 |  4- 6 |  7- 9 || total
---------------------------+-------+-------+-------++-------
   Fire: Shortbow          |    99 |   172 |    61 ||   332
    Use: Scroll            |     6 |     4 |       ||    10
         Potion            |     3 |     1 |     1 ||     5
 Armour: Leather armour    |     8 |       |       ||     8
         Ring mail         |     1 |     8 |    10 ||    19
  Dodge: Dodged            |    27 |    50 |    18 ||    95

Table legend:
 A = Non-vault XP
 B = Vault XP
 C = Vault XP percentage of total XP
 D = Non-vault monster count
 E = Vault monster count
 F = Vault count percentage of total count
                 A         B        C        D         E       F
            +---------+---------+-------+---------+---------+-------
      Total |    1034 |      55 |   5.1 |      80 |       2 |   2.4
            +---------+---------+-------+---------+---------+-------
        D:1 |      33 |       0 |   0.0 |      20 |       0 |   0.0
        D:2 |      31 |       0 |   0.0 |      11 |       0 |   0.0
        D:3 |     137 |      55 |  28.6 |      20 |       2 |   9.1
        D:4 |     258 |       0 |   0.0 |      16 |       0 |   0.0
        D:5 |     523 |       0 |   0.0 |      11 |       0 |   0.0
        D:6 |      52 |       0 |   0.0 |       2 |       0 |   0.0
            +---------+---------+-------+---------+---------+-------
